 Dungeon Crawl Stone Soup version 0.28.0-1-gb440e238dd (webtiles) character file.

Game seed: 3630605456475742043

233 DungeonHerbert the Chopper (level 6, -6/53 HPs)
             Began as a Hill Orc Fighter on Feb 14, 2022.
             Killed by divine providence
             ... invoked by an orc priest
              (12 damage)
             ... on level 4 of the Dungeon on Feb 27, 2022.
             The game lasted 00:12:08 (3704 turns).

DungeonHerbert the Chopper (Hill Orc Fighter)       Turns: 3704, Time: 00:12:10

Health: -6/53      AC: 15    Str: 21    XL:     6   Next: 5%
Magic:  6/6        EV:  6    Int:  8    God:
Gold:   141        SH:  4    Dex: 10    Spells: 5/5 levels left

rFire   . . .      SeeInvis .   a - +0 war axe
rCold   . . .      Faith    .   c - +0 buckler
rNeg    . . .      Spirit   .   r - +0 plate armour
rPois   .          Reflect  .   (no helmet)
rElec   .          Harm     .   h - +0 cloak
rCorr   .          Rampage  .   (no gloves)
Will    .....                   n - +1 pair of boots
Stlth   ..........              (no amulet)
HPRegen 0.17/turn               (no ring)
MPRegen 0.10/turn               (no ring)

@: lethally poisoned (-6 -> -9)
A: no striking features
a: Convert to Beogh


You were on level 4 of the Dungeon.
You visited 1 branch of the dungeon, and saw 4 of its levels.

You collected 141 gold pieces.

Inventory:

Hand Weapons
 a - a +0 war axe (weapon)
 k - a +0 war axe
Missiles
 m - 4 poisoned darts (quivered)
Armour
 c - a +0 buckler (worn)
 g - a +0 ring mail of cold resistance
 h - a +0 cloak (worn)
 n - a +1 pair of boots (worn)
 r - a +0 plate armour (worn)
Jewellery
 s - a +4 ring of protection
Scrolls
 b - a scroll of blinking {unknown}
 e - 3 scrolls of immolation
 f - a scroll of acquirement {unknown}
 i - a scroll of amnesia {unknown}
 o - a scroll of enchant armour {unknown}
 p - a scroll of teleportation {unknown}
Potions
 d - a potion of might
 j - 3 potions of curing
 l - a potion of mutation
 q - 2 potions of flight {unknown}


   Skills:
 + Level 4.7 Fighting
 * Level 5.5 Axes
 + Level 4.3 Armour
 + Level 1.7 Dodging
 - Level 3.2 Shields


You had 5 spell levels left.
You didn't know any spells.
Your spell library contained the following spells:

 Spells                   Type           Power      Damage    Failure   Level
 Animate Skeleton         Necr           0%         N/A       100%        1
 Apportation              Tloc           0%         N/A       100%        1
 Summon Small Mammal      Summ           0%         N/A       100%        1


Dungeon Overview and Level Annotations

Branches:
Dungeon (4/15)
 Temple: D:4-7

Altars:

Annotations:
D:3 exclusion: downstairs
D:4 1 runed translucent door, Crazy Yiuf


Message History

The orc shouts!
You hear a shout!
An orc priest comes into view. It is wielding a +0 flail.
You see here a jackal corpse.
You see here a jackal corpse.
You closely miss the orc. The orc closely misses you.
The orc priest threatens, "By the altar or by the axe, you will meet Beogh!" (press Y on the ability menu to convert to Beogh)
You barely miss the orc priest. You hit the orc but do no damage.
The orc priest calls down the wrath of Beogh upon you.
Beogh smites you! You block the orc's attack.
You hear a shout!
You barely miss the orc priest. You barely miss the orc.
The orc priest hits you with a +0 flail.
The orc hits you with a +1 whip of venom.
You are poisoned.
The orc priest mumbles some strange prayers to Beogh against you.
Beogh smites you!
You closely miss the orc priest. You hit the orc.
You feel very sick. You block the orc's attack.
An orc priest comes into view. It is wielding a +0 hand axe.
The orc priest threatens, "By the altar or by the axe, you will meet Beogh!"
The orc priest completely misses you. You block the orc's attack.
You barely miss the orc priest. You hit the orc.
You kill the orc!
You feel very sick.
The orc priest threatens, "By the altar or by the axe, you will meet Beogh!"
The orc priest hits you but does no damage.
You closely miss the orc priest.
You feel sick. The orc priest closely misses you.
You barely miss the orc priest.
You feel sick.
An orc comes into view. It is wielding a +0 club.
You block the orc priest's attack.
You barely miss the orc priest. You closely miss the orc.
You feel sick.
The orc priest shouts, "Surrender to Beogh and we'll let you live!"
The orc hits you with a +0 club.
* * * LOW HITPOINT WARNING * * *
The orc priest calls down the wrath of Beogh upon you.
Beogh smites you!
You die...

#.
#...o...........#....
..##......#.#####.#....
....⌠o................
##......#.#######....
#.......#.###########
..##....#............
##..################
##.o######### ######
#.oo@........ ......
.......###########
###### #######


You could see 2 orc priests and an orc.

Vanquished Creatures
  A jelly (D:4)
  A bullfrog skeleton (D:4)
  A hound (D:4)
  Natasha (D:4)
  2 adders (D:2)
  An adder skeleton (D:2)
  A worm (D:2)
  A dart slug (D:2)
  10 orcs
  6 ball pythons
  4 endoplasms
  3 giant cockroaches
  2 goblins
  7 hobgoblins
  5 jackals
  5 quokkas
  6 bats
  10 frilled lizards
  13 kobolds
  4 rats
84 creatures vanquished.

Notes
Turn   | Place    | Note
-------+----------+-------------------------------------------
     0 | D:1      | DungeonHerbert the Hill Orc Fighter began the quest for the
                  | Orb.
     0 | D:1      | Reached XP level 1. HP: 19/19 MP: 1/1
     1 | D:1      | Upgraded the game from 0.28.0 to 0.28.0-1-gb440e238dd
   240 | D:1      | Reached skill level 3 in Axes
   316 | D:1      | Reached XP level 2. HP: 27/27 MP: 2/2
   907 | D:2      | Reached XP level 3. HP: 31/33 MP: 3/3
   989 | D:2      | Found a faded altar of an unknown god.
  1476 | D:2      | Reached skill level 4 in Axes
  1476 | D:2      | Reached skill level 1 in Dodging
  1476 | D:2      | Reached XP level 4. HP: 36/40 MP: 4/4
  2890 | D:4      | Found a runed translucent door.
  2891 | D:4      | Noticed Crazy Yiuf
  2991 | D:4      | Reached XP level 5. HP: 39/47 MP: 5/5
  3061 | D:4      | Reached skill level 5 in Axes
  3378 | D:4      | Noticed Natasha
  3412 | D:4      | Noticed a lemure
  3521 | D:4      | Killed Natasha
  3522 | D:4      | Reached XP level 6. HP: 46/53 MP: 6/6
  3704 | D:4      | Killed from afar by an orc priest

Illustrated notes

Levels and vault maps discovered:
D:1:      dpeg_arrival_castle, layout_rooms, nrook_mini_backslash
D:2:      layout_basic, basic_ecumenical_altar, minmay_door_square,
          minmay_lizard_pond
D:3:      layout_rooms, kennysheep_cross_room, roderic_roman_lattice,
          minmay_misc_feat_nine_boxes, interstate_on_off
D:4:      layout_basic, minmay_temple_entry_waves, st_stairs_1,
          minmay_misc_feat_hallway, uniq_natasha, uniq_crazy_yiuf_cottage,
          uniq_pikel

Skill      XL: |  1  2  3  4  5 |
---------------+----------------+-----
Axes           | 3 4 5 |  5.5
Fighting       | 4 |  4.7
Dodging        | 1 |  1.7
Armour         | 4 |  4.3
Shields        | |  3.2

Action                   |  1- 3 |  4- 6 || total
-------------------------+-------+-------++-------
Melee: War axe           |   103 |   154 ||   257
  Use: Scroll            |       |     6 ||     6
Armor: Scale mail        |    41 |    56 ||    97
       Plate armour      |       |    36 ||    36
Dodge: Dodged            |    35 |    62 ||    97
Block: Buckler           |    20 |    27 ||    47
